[Event "Titled Tuesday Blitz December 13 Early 2022"]
[White "Araujo Sanchez, Josue"]
[Black "Sarana, Alexey"]
[WhiteFideId "6416896"]
[BlackFideId "24133795"]
[WhiteElo "2370"]
[BlackElo "2708"]
[Result "0-1"]
[Round "08"]
[TimeControl "180+1"]
[Date "2022.12.13"]
[WhiteClock "0:00:37"]
[BlackClock "0:01:13"]

1. c3 d5 2. d4 Nf6 3. Bf4 e6 4. e3 c5 5. Nd2 Bd6 6. Bxd6 Qxd6 7. f4 O-O 8. Ngf3 b6 9. Bd3 Ba6 10. Bxa6 Nxa6 11. Qe2 Nb8 12. O-O Nc6 13. Ne5 Nd7 14. Rad1 f6 15. Nxd7 Qxd7 16. dxc5 bxc5 17. e4 Rab8 18. exd5 exd5 19. Nb3 c4 20. Nd4 Rfe8 21. Qf2 Nxd4 22. Rxd4 Rb5 23. Rd2 Qb7 24. Re1 Rb8 25. Ree2 h6 26. h3 Qc7 27. f5 a6 28. a3 Qb7 29. Qg3 Qd7 30. Qf3 Kh7 31. h4 Re8 32. Rxe8 Qxe8 33. a4 Qe1+ 34. Kh2 Qxh4+ 35. Kg1 Qe1+ 36. Kh2 Qxd2 37. axb5 axb5 38. Qg4 Qg5 39. Qf3 Qh4+ 40. Kg1 Qe4 41. Qh5 Qe3+ 42. Kh2 Qg5 43. Qf3 d4 44. cxd4 Qh4+ 45. Kg1 Qxd4+ 46. Kh2 Qxb2 47. Qg4 Qe5+ 48. g3 c3 49. Qg6+ Kg8 0-1


[Site "https://www.chess.com"]

[Event "Titled Tuesday Blitz December 13 Early 2022"]
[White "Artemenko, Oleg"]
[Black "Paravyan, David"]
[WhiteFideId "14201798"]
[BlackFideId "4194985"]
[WhiteElo "2287"]
[BlackElo "2551"]
[Result "0-1"]
[Round "08"]
[TimeControl "180+1"]
[Date "2022.12.13"]
[WhiteClock "0:00:51"]
[BlackClock "0:01:03"]

1. d4 Nf6 2. Nc3 d5 3. Bf4 g6 4. e3 Bg7 5. h4 h5 6. Nf3 O-O 7. Ne5 c5 8. Be2 Nc6 9. g4 cxd4 10. exd4 Nxe5 11. dxe5 Nxg4 12. Qxd5 Be6 13. Qxd8 Rfxd8 14. Bg5 Nxe5 15. Bxe7 Re8 16. Bg5 Nc4 17. O-O-O Rac8 18. Bxc4 Rxc4 19. Nd5 Bxd5 20. Rxd5 Re2 21. c3 Rxf2 22. Re1 Rg4 23. Re8+ Kh7 24. Rd1 Rgg2 25. Rd2 Rxd2 26. Bxd2 Bf6 27. Be1 g5 28. hxg5 Bxg5+ 29. Kb1 h4 30. Bxh4 Bxh4 31. Rb8 b6 32. Rb7 Kg6 33. Rxa7 f5 34. Rb7 Bf2 35. Kc2 Bc5+ 36. Kd3 Rxb2 37. a4 Ra2 38. Ra7 Kg5 39. Kc4 f4 40. Kb5 f3 41. Rf7 f2 42. c4 Ra1 43. a5 Rxa5+ 44. Kc6 Ra1 45. Kb5 Rb1+ 46. Kc6 Re1 47. Kb5 f1=Q 48. Rg7+ Kf6 49. Rg3 Rb1+ 50. Kc6 Qh1+ 51. Kd7 Rd1+ 52. Kc7 Bd6+ 53. Kc8 Qc6+ 54. Kd8 Be7# 0-1


[Site "https://www.chess.com"]

[Event "Titled Tuesday Blitz December 13 Early 2022"]
[White "Ashraf, Artin"]
[Black "Crevatin, Leo"]
[WhiteFideId "22514805"]
[BlackFideId "1726307"]
[WhiteElo "2243"]
[BlackElo "2190"]
[Result "1-0"]
[Round "08"]
[TimeControl "180+1"]
[Date "2022.12.14"]
[WhiteClock "0:00:14"]
[BlackClock "0:00:06"]

1. c4 e5 2. g3 Nf6 3. Bg2 c6 4. d4 e4 5. Nc3 d5 6. cxd5 cxd5 7. Bg5 Bb4 8. Qb3 Bxc3+ 9. Qxc3 Be6 10. Nh3 Bxh3 11. Bxh3 O-O 12. O-O Nc6 13. e3 h6 14. Bxf6 Qxf6 15. b4 Qd6 16. b5 Nd8 17. Rac1 Ne6 18. Qa5 f5 19. f4 h5 20. Rc2 g6 21. Rfc1 Kg7 22. Bf1 Kh6 23. Be2 Rfd8 24. h3 Qb6 25. Qb4 Qd6 26. Qa5 Qb6 27. Qe1 Rh8 28. g4 hxg4 29. Qh4+ Kg7 30. Qe7+ Kh6 31. Rc7 g5 32. hxg4 Raf8 33. R1c6 bxc6 34. Qxe6+ 1-0


[Site "https://www.chess.com"]

[Event "Titled Tuesday Blitz December 13 Early 2022"]
[White "Avazkhonov, Alikhon"]
[Black "Alice, Mateus Felizardo Viageiro"]
[WhiteFideId "14208504"]
[BlackFideId "14800047"]
[WhiteElo "1739"]
[BlackElo "2189"]
[Result "0-1"]
[Round "08"]
[TimeControl "180+1"]
[Date "2022.12.14"]
[WhiteClock "0:00:04"]
[BlackClock "0:02:02"]

1. d4 Nf6 2. c4 e6 3. Nc3 Bb4 4. e3 O-O 5. Bd2 d5 6. Nf3 Re8 7. Bd3 a6 8. a3 Bxc3 9. Bxc3 dxc4 10. Bxc4 b5 11. Bd3 Bb7 12. O-O Nbd7 13. Qc2 c5 14. dxc5 Nxc5 15. Bxf6 Qxf6 16. Qxc5 Bxf3 17. gxf3 Qxf3 18. Qg5 Rad8 19. Rad1 Rd5 20. Qg3 Qf6 21. f4 Qxb2 22. e4 Rd4 23. e5 Red8 24. f5 h5 25. f6 Rg4 26. Bh7+ Kxh7 27. Rxd8 Rxg3+ 28. hxg3 Qxe5 29. Kg2 gxf6 30. Rd7 Kg7 31. Rf3 Qe2+ 32. Rf2 Qe4+ 33. Kh2 Qg4 34. Ra7 Qd4 0-1


[Site "https://www.chess.com"]

[Event "Titled Tuesday Blitz December 13 Early 2022"]
[White "Balint, Vilmos"]
[Black "Rangel, Daniel"]
[WhiteFideId "718050"]
[BlackFideId "2124475"]
[WhiteElo "2183"]
[BlackElo "2225"]
[Result "1-0"]
[Round "08"]
[TimeControl "180+1"]
[Date "2022.12.14"]
[WhiteClock "0:00:25"]
[BlackClock "0:00:01"]

1. e4 c5 2. Nf3 g6 3. d4 cxd4 4. Qxd4 Nf6 5. e5 Nc6 6. Qd1 Nxe5 7. Nxe5 Qa5+ 8. Nc3 Qxe5+ 9. Be2 Bg7 10. O-O O-O 11. Re1 Qc7 12. Bf3 d6 13. Bg5 Be6 14. Nb5 Qb6 15. Nd4 Qxb2 16. Rb1 Qxa2 17. Rxb7 Bd5 18. Rbxe7 Bxf3 19. Qxf3 Qd5 20. Bxf6 Qxf3 21. Nxf3 Bxf6 22. Rd7 a5 23. Rxd6 Bb2 24. Rb1 Rfb8 25. Nd2 a4 26. Nc4 a3 27. Nxb2 axb2 28. Kf1 Ra1 29. Rdd1 Rba8 30. Ke2 Re8+ 31. Kf3 Ra3+ 32. Kg4 Rb8 33. f3 Rc3 34. Rd2 Kg7 35. Kg3 Ra3 36. Rd3 Ra1 37. Rdd1 Rba8 38. Kf2 Kf6 39. g4 Ke5 40. Re1+ Kd4 41. Rxb2 Rxe1 42. Kxe1 Ke3 43. Rb3+ Kf4 44. Kf2 Ra2 45. Rb4+ Kg5 46. Rc4 f5 47. Kg3 f4+ 48. Rxf4 Rxc2 49. h4+ Kh6 50. Rf7 g5 51. Rf6+ Kg7 52. hxg5 Rc5 53. f4 Ra5 54. Re6 Ra3+ 55. Kg2 Rb3 56. f5 Ra3 57. Re7+ Kg8 58. Rb7 Rc3 59. Re7 Ra3 60. Kf2 Rb3 61. Re3 Rb2+ 62. Kg3 Ra2 63. Kf4 Ra4+ 64. Re4 Ra1 65. Rb4 Kg7 66. Rb7+ Kg8 67. Rd7 Ra4+ 68. Ke5 Rxg4 69. Kf6 h6 70. g6 Rd4 71. Rxd4 1-0


[Site "https://www.chess.com"]

[Event "Titled Tuesday Blitz December 13 Early 2022"]
[White "Barria Zuniga, Daniel"]
[Black "Manukian, Artak"]
[WhiteFideId "3400816"]
[BlackFideId "13301373"]
[WhiteElo "2414"]
[BlackElo "2130"]
[Result "1/2-1/2"]
[Round "08"]
[TimeControl "180+1"]
[Date "2022.12.14"]
[WhiteClock "0:00:59"]
[BlackClock "0:01:53"]

1. d4 d5 2. c4 dxc4 3. Nf3 Nf6 4. e3 e6 5. Bxc4 c5 6. Nc3 a6 7. O-O b5 8. Bb3 Bb7 9. Re1 Be7 10. e4 cxd4 11. Nxd4 Nc6 12. Be3 O-O 13. f3 Bc5 14. Nxc6 Bxe3+ 15. Rxe3 Bxc6 16. Qxd8 Rfxd8 17. Rc1 Rd2 18. Re2 Rad8 19. Kf2 b4 20. Rxd2 Rxd2+ 21. Ne2 Bb5 22. Rc8+ Ne8 23. Bc4 Kf8 24. Bxb5 axb5 25. Rb8 Rxb2 26. Rxb5 Rxa2 27. Rxb4 Nd6 1/2-1/2


[Site "https://www.chess.com"]

[Event "Titled Tuesday Blitz December 13 Early 2022"]
[White "Berezin, Viktor"]
[Black "Roebers, Jan"]
[WhiteFideId "14107872"]
[BlackFideId "1007815"]
[WhiteElo "2310"]
[BlackElo "2199"]
[Result "1-0"]
[Round "08"]
[TimeControl "180+1"]
[Date "2022.12.14"]
[WhiteClock "0:00:19"]
[BlackClock "0:00:02"]

1. d4 d5 2. c4 c6 3. Nf3 Nf6 4. e3 Bf5 5. Nc3 e6 6. Nh4 Bg6 7. Qb3 Qb6 8. Bd2 Nbd7 9. Nxg6 hxg6 10. c5 Qc7 11. g3 e5 12. Be2 Be7 13. Qc2 O-O-O 14. O-O-O e4 15. f3 exf3 16. Bxf3 Rde8 17. e4 dxe4 18. Nxe4 Nd5 19. Nc3 N7f6 20. Nxd5 Nxd5 21. Bxd5 cxd5 22. Bf4 Qc6 23. Rhf1 Bf6 24. Be5 Bxe5 25. dxe5 Rxe5 26. Rxf7 Rhe8 27. Rxg7 Re2 28. Qxg6 Qxc5+ 29. Kb1 Qb5 30. Rc1+ Kb8 31. Qd6+ Ka8 32. Qf6 Rxh2 33. Rgc7 a6 34. Rc8+ Rxc8 35. Rxc8+ Ka7 36. Qd4+ b6 37. Qg7+ Qd7 38. Qxd7# 1-0


[Site "https://www.chess.com"]

[Event "Titled Tuesday Blitz December 13 Early 2022"]
[White "Bluebaum, Matthias"]
[Black "Kopylov, Alexander A."]
[WhiteFideId "24651516"]
[BlackFideId "4164857"]
[WhiteElo "2634"]
[BlackElo "2436"]
[Result "1-0"]
[Round "08"]
[TimeControl "180+1"]
[Date "2022.12.13"]
[WhiteClock "0:00:20"]
[BlackClock "0:00:06"]

1. d4 Nf6 2. c4 e6 3. Nc3 Bb4 4. e3 O-O 5. Bd2 b6 6. Nf3 Bb7 7. Bd3 d6 8. O-O Nbd7 9. a3 Bxc3 10. Bxc3 Ne4 11. Be1 f5 12. Kh1 Rf6 13. Ng1 Rh6 14. f3 Ng5 15. Qe2 Qe8 16. Bg3 Qh5 17. Rae1 Rf8 18. Qc2 Rff6 19. Ne2 Nxf3 20. gxf3 Bxf3+ 21. Kg1 Rfg6 22. Kf2 Bb7 23. Rd1 Nf6 24. Ke1 Ng4 25. Kd2 Nxh2 26. Rf2 Ng4 27. Rff1 Qh3 28. Rg1 Nh2 29. Nf4 Nf3+ 30. Kc1 Qg4 31. Nxg6 Nxg1 32. Ne7+ Kf7 33. Nxf5 exf5 34. Rxg1 Be4 35. Qa4 Qf3 36. Qd7+ Kf8 37. Bf4 Rg6 38. Qd8+ Kf7 39. Qxc7+ Kg8 40. Qd8+ Kf7 41. Qd7+ 1-0


[Site "https://www.chess.com"]

[Event "Titled Tuesday Blitz December 13 Early 2022"]
[White "Bogaudinov, Rushan"]
[Black "Bruned, Boris"]
[WhiteFideId "4129288"]
[BlackFideId "621790"]
[WhiteElo "2028"]
[BlackElo "2049"]
[Result "1-0"]
[Round "08"]
[TimeControl "180+1"]
[Date "2022.12.14"]
[WhiteClock "0:01:05"]
[BlackClock "0:00:20"]

1. a3 b6 2. b4 Bb7 3. Bb2 a5 4. b5 Nf6 5. h4 e6 6. h5 h6 7. d3 d6 8. e4 Nbd7 9. Be2 e5 10. Nh3 Nc5 11. a4 Bc8 12. Nc3 Be6 13. O-O Qc8 14. Kh2 Bxh3 15. gxh3 Ne6 16. Bg4 Qd8 17. Bxe6 fxe6 18. f4 exf4 19. Rxf4 e5 20. Rf5 Qd7 21. Qf3 O-O-O 22. Rg1 Rh7 23. Rg6 Be7 24. Bc1 Kb8 25. Be3 Qe6 26. Bf2 Qd7 27. Bh4 1-0


[Site "https://www.chess.com"]

[Event "Titled Tuesday Blitz December 13 Early 2022"]
[White "Bongo Akanga Ndjila, Barthelemy"]
[Black "Johnson, Ben"]
[WhiteFideId "10609431"]
[BlackFideId "2010917"]
[WhiteElo "1768"]
[BlackElo "2195"]
[Result "0-1"]
[Round "08"]
[TimeControl "180+1"]
[Date "2022.12.14"]
[WhiteClock "0:00:13"]
[BlackClock "0:00:03"]

1. d4 Nf6 2. Nf3 d5 3. Bg5 c5 4. e3 Nc6 5. Nbd2 cxd4 6. exd4 Bg4 7. c3 e6 8. Bd3 Be7 9. O-O O-O 10. a4 Rc8 11. Re1 Na5 12. Bxf6 Bxf6 13. b4 Nc4 14. Nxc4 dxc4 15. Be4 b6 16. h3 Bh5 17. Qe2 Bg6 18. Bxg6 hxg6 19. Qe4 Qd7 20. Qg4 Rfd8 21. h4 a5 22. b5 Qe7 23. h5 gxh5 24. Qxh5 Rd5 25. Ne5 Bxe5 26. Rxe5 Rxe5 27. Qxe5 f6 28. Qe4 Qd6 29. Re1 Kf7 30. Qb7+ Rc7 31. Qb8 Rd7 32. Qc8 Rd8 33. Qxc4 Rd7 34. Qd3 Qf4 35. g3 Qg4 36. Re3 Rc7 37. Kg2 Rd7 38. f3 Qg5 39. Qc4 Qd5 40. Qd3 Rc7 41. Qh7 Rc4 42. Qd3 Rxa4 43. c4 Qd6 44. Qc3 Rb4 45. c5 bxc5 46. dxc5 Qd5 47. b6 Rc4 48. Qb3 Qxc5 49. b7 Rc2+ 50. Kh3 Qh5# 0-1


[Site "https://www.chess.com"]

[Event "Titled Tuesday Blitz December 13 Early 2022"]
[White "Chernobay, Artem"]
[Black "Avinash, Ramesh"]
[WhiteFideId "4167406"]
[BlackFideId "45018340"]
[WhiteElo "2474"]
[BlackElo "2264"]
[Result "0-1"]
[Round "08"]
[TimeControl "180+1"]
[Date "2022.12.13"]
[WhiteClock "0:00:24"]
[BlackClock "0:01:03"]

1. e4 e6 2. d4 d5 3. Nc3 Nf6 4. Bg5 h6 5. Bxf6 Qxf6 6. exd5 Bb4 7. dxe6 Bxe6 8. Bb5+ c6 9. Be2 c5 10. Nf3 Nc6 11. O-O O-O-O 12. a3 Bxc3 13. bxc3 cxd4 14. cxd4 Nxd4 15. Nxd4 Rxd4 16. Bd3 Rhd8 17. Rb1 Bc4 18. Qe2 Bxd3 19. cxd3 Rxd3 20. Rfc1+ Kb8 21. Qe4 b6 22. Qc4 Rd2 23. Kh1 Qd6 24. h3 Rxf2 25. a4 Rf4 26. Qa6 Rf2 27. a5 Qg6 28. Rg1 Rxg2 29. axb6 Rxg1+ 30. Rxg1 Qe4+ 31. Rg2 Rd1+ 32. Kh2 Qe5+ 33. Rg3 Rd2+ 34. Kh1 Qe1+ 0-1


[Site "https://www.chess.com"]

[Event "Titled Tuesday Blitz December 13 Early 2022"]
[White "Chernomordik, Pavel"]
[Black "Bodnaruk, Anastasia"]
[WhiteFideId "2804530"]
[BlackFideId "4181751"]
[WhiteElo "2193"]
[BlackElo "2314"]
[Result "0-1"]
[Round "08"]
[TimeControl "180+1"]
[Date "2022.12.14"]
[WhiteClock "0:00:01"]
[BlackClock "0:00:17"]

1. e4 c5 2. Nc3 d6 3. f4 g6 4. Nf3 Bg7 5. Bb5+ Bd7 6. Bxd7+ Qxd7 7. O-O Nc6 8. d3 e6 9. f5 Nf6 10. fxe6 fxe6 11. h3 O-O 12. Qe1 Nd4 13. Nxd4 cxd4 14. Ne2 e5 15. c4 Nh5 16. Bd2 b5 17. b3 bxc4 18. bxc4 Rab8 19. Rb1 Qa4 20. Rxf8+ Rxf8 21. Bb4 Rd8 22. Qd1 Qd7 23. Ba5 Rf8 24. Qb3 Qf7 25. c5 dxc5 26. Qxf7+ Rxf7 27. Rb8+ Bf8 28. Rc8 Kg7 29. Bc7 Kf6 30. Bb8 Ke6 31. Re8+ Be7 32. Bxa7 Kd7 33. Ra8 c4 34. dxc4 d3 35. Nc3 Nf4 36. Be3 Ne2+ 37. Nxe2 dxe2 38. Bd2 Rf1+ 39. Kh2 e1=Q 40. Bxe1 Rxe1 41. Ra7+ Ke6 42. c5 Bxc5 43. Rxh7 Ra1 0-1


[Site "https://www.chess.com"]

[Event "Titled Tuesday Blitz December 13 Early 2022"]
[White "Chernov, Mikhail"]
[Black "Ambartsumova, Karina"]
[WhiteFideId "24143170"]
[BlackFideId "4166299"]
[WhiteElo "2113"]
[BlackElo "2319"]
[Result "1-0"]
[Round "08"]
[TimeControl "180+1"]
[Date "2022.12.14"]
[WhiteClock "0:01:27"]
[BlackClock "0:00:06"]

1. e4 e5 2. Nc3 Nf6 3. Bc4 c6 4. d4 Qc7 5. dxe5 Qxe5 6. Nf3 Qc5 7. Qe2 b5 8. Bb3 Be7 9. e5 Nd5 10. Ne4 Qb6 11. Nd6+ Bxd6 12. exd6+ Kd8 13. Ng5 1-0


[Site "https://www.chess.com"]

[Event "Titled Tuesday Blitz December 13 Early 2022"]
[White "Ciuffoletti, Paolo"]
[Black "Perez Rodriguez, Jennifer"]
[WhiteFideId "807630"]
[BlackFideId "3507831"]
[WhiteElo "2143"]
[BlackElo "2170"]
[Result "1-0"]
[Round "08"]
[TimeControl "180+1"]
[Date "2022.12.14"]
[WhiteClock "0:00:05"]
[BlackClock "0:00:17"]

1. e4 e5 2. Bc4 Nf6 3. Nf3 Nc6 4. d4 exd4 5. Ng5 d5 6. exd5 Ne5 7. Qe2 Qe7 8. O-O Nxc4 9. Qxc4 h6 10. Nf3 Qd6 11. Qxd4 Qxd5 12. Re1+ Be6 13. Nc3 Qf5 14. Qa4+ c6 15. Nd4 Qh5 16. Nxc6 Bd6 17. Nd4+ Ke7 18. h3 Rhe8 19. Qb3 Kf8 20. Nxe6+ fxe6 21. Rxe6 Bc5 22. Be3 Bxe3 23. fxe3 Rxe6 24. Qxe6 Re8 25. Qd6+ Kg8 26. Rf1 Rxe3 27. Qb8+ Kh7 28. Qxa7 Qg5 29. Rf2 Qg3 30. Qd4 Re1+ 31. Rf1 Re3 32. Rf2 Nh5 33. Ne2 Qg5 34. h4 Qe7 35. Qg4 Nf6 36. Qf5+ Kh8 37. Qc8+ Kh7 38. Qc4 Kh8 39. Qc8+ Kh7 40. Qc4 Re4 41. Qd3 Kg8 42. Ng3 Rxh4 43. Nf5 Qe1+ 44. Rf1 Qe4 45. Nxh4 Qxh4 46. Qd8+ Kh7 47. Qd3+ Kh8 48. Qd8+ Kh7 49. Qd3+ g6 50. Qd8 Nh5 51. Qxh4 g5 52. Rf7+ Ng7 53. Qc4 Kg6 54. Qd5 Kh5 55. Qe4 Ne6 56. Rf3 Nf4 57. Rxf4 gxf4 58. Qxf4 Kg6 59. Qc7 Kg5 60. Qxb7 Kg4 61. Qc6 h5 62. Qg6+ Kf4 63. Kh2 Ke3 64. Qxh5 Kd2 65. Qf3 Kxc2 66. g4 Kxb2 67. g5 Kxa2 68. g6 Kb2 69. g7 Kc2 70. g8=Q Kb2 71. Qgd5 Kc2 72. Qfd3+ Kb2 73. Q5b5+ 1-0


[Site "https://www.chess.com"]

[Event "Titled Tuesday Blitz December 13 Early 2022"]
[White "Colas, Joshua"]
[Black "Samunenkov, Ihor"]
[WhiteFideId "2044447"]
[BlackFideId "14187086"]
[WhiteElo "2347"]
[BlackElo "2442"]
[Result "0-1"]
[Round "08"]
[TimeControl "180+1"]
[Date "2022.12.14"]
[WhiteClock "0:00:46"]
[BlackClock "0:01:13"]

1. Nf3 d5 2. c4 e6 3. g3 Nf6 4. Bg2 Be7 5. O-O O-O 6. d4 c6 7. Qc2 b6 8. b3 Bb7 9. Nc3 Na6 10. a3 c5 11. dxc5 d4 12. Rd1 bxc5 13. Bg5 Qb8 14. Nb5 Be4 15. Qc1 Qb7 16. Bxf6 gxf6 17. Qh6 Rfd8 18. b4 e5 19. Nh4 Bxg2 20. Nf5 Bf8 21. Qxf6 Qc6 22. Qxe5 Bh3 23. bxc5 Qg2# 0-1


[Site "https://www.chess.com"]

[Event "Titled Tuesday Blitz December 13 Early 2022"]
[White "Cruz, William Ferreira Da"]
[Black "Lewtak, Damian"]
[WhiteFideId "2118050"]
[BlackFideId "1141724"]
[WhiteElo "2223"]
[BlackElo "2330"]
[Result "0-1"]
[Round "08"]
[TimeControl "180+1"]
[Date "2022.12.14"]
[WhiteClock "0:00:10"]
[BlackClock "0:00:32"]

1. d4 g6 2. c4 Bg7 3. Nc3 d6 4. Nf3 e5 5. dxe5 dxe5 6. Qxd8+ Kxd8 7. e3 f6 8. Be2 c6 9. b3 Be6 10. Bb2 Nd7 11. O-O Kc7 12. Rfd1 Bf8 13. Ne4 Be7 14. h3 Nh6 15. Kf1 Nf7 16. Nc3 a5 17. Rd2 Rad8 18. Rad1 Nb6 19. Rxd8 Nxd8 20. Ne4 Nf7 21. Bc3 Ra8 22. a4 Nd7 23. Ke1 b6 24. Bb2 Nd6 25. Nxd6 Bxd6 26. Nd2 Nc5 27. e4 Nd7 28. Nf1 Bb4+ 29. Nd2 Nc5 30. Kf1 Bxd2 31. Rxd2 Nxb3 32. Rd1 Nc5 33. f4 Nxa4 34. Ba1 Nc5 35. fxe5 f5 36. exf5 gxf5 37. Bd4 a4 38. Bxc5 bxc5 39. Ra1 a3 40. Ke1 f4 41. Kd2 Bf5 42. Bd3 Bxd3 43. Kxd3 Ra4 44. Kc3 Kd7 45. Kb3 Ra8 46. Rd1+ Ke6 47. Ka2 Kxe5 48. Rd7 Rg8 49. Rxh7 Rxg2+ 50. Kxa3 f3 51. Rh5+ Ke4 52. Rh6 f2 53. Rf6 Rg3+ 54. Kb2 Rf3 0-1


[Site "https://www.chess.com"]

[Event "Titled Tuesday Blitz December 13 Early 2022"]
[White "Czopor, Maciej"]
[Black "Moroni, Luca Jr"]
[WhiteFideId "21805431"]
[BlackFideId "865834"]
[WhiteElo "2324"]
[BlackElo "2573"]
[Result "0-1"]
[Round "08"]
[TimeControl "180+1"]
[Date "2022.12.13"]
[WhiteClock "0:00:47"]
[BlackClock "0:01:10"]

1. c4 g6 2. Nc3 Bg7 3. d4 d6 4. e4 c5 5. d5 Bxc3+ 6. bxc3 e5 7. h4 Qe7 8. Bd3 Kd7 9. a4 Kc7 10. a5 f5 11. f3 f4 12. Ne2 Nf6 13. g4 Nxg4 14. fxg4 Bxg4 15. Kf2 Nd7 16. Qb3 Nf6 17. Ng1 Rab8 18. Bd2 h6 19. Rb1 Bd7 20. Be2 Nxe4+ 21. Ke1 Nxd2 22. Kxd2 e4 23. Nh3 g5 24. hxg5 f3 25. Bxf3 exf3 26. Rbe1 Qf7 27. Nf2 hxg5 28. Kc2 Rxh1 29. Rxh1 g4 30. Rg1 Qf4 0-1


[Site "https://www.chess.com"]

[Event "Titled Tuesday Blitz December 13 Early 2022"]
[White "D`Arruda, Ricardo D."]
[Black "Lauridsen, Jesper Morch"]
[WhiteFideId "100692"]
[BlackFideId "1401890"]
[WhiteElo "2434"]
[BlackElo "2288"]
[Result "1/2-1/2"]
[Round "08"]
[TimeControl "180+1"]
[Date "2022.12.14"]
[WhiteClock "0:00:24"]
[BlackClock "0:00:25"]

1. e4 c5 2. Nf3 e6 3. d4 cxd4 4. Nxd4 Nc6 5. Nc3 Qc7 6. Be3 a6 7. Be2 b5 8. a3 Nf6 9. O-O Bb7 10. f4 Bc5 11. e5 Qb6 12. exf6 Nxd4 13. Kh1 gxf6 14. b4 Nxe2 15. bxc5 Nxc3 16. cxb6 Nxd1 17. Rfxd1 Rg8 18. Rd2 Rc8 19. Kg1 d5 20. a4 bxa4 21. Rxa4 Rc6 22. Bd4 Ke7 23. c3 Rc4 24. Ra1 Rg6 25. g3 Kd6 26. Re2 h5 27. Kf2 h4 28. Re3 Rc8 29. Ra5 Re8 30. Bc5+ Kd7 31. Bd4 Kd6 32. Bc5+ Kd7 33. Bd4 Kd6 1/2-1/2


[Site "https://www.chess.com"]

[Event "Titled Tuesday Blitz December 13 Early 2022"]
[White "Daneshvar, Bardiya"]
[Black "Rakhmatullaev, Almas"]
[WhiteFideId "12576468"]
[BlackFideId "14205793"]
[WhiteElo "2429"]
[BlackElo "2221"]
[Result "1-0"]
[Round "08"]
[TimeControl "180+1"]
[Date "2022.12.13"]
[WhiteClock "0:00:11"]
[BlackClock "0:00:03"]

1. b3 d6 2. Bb2 Nf6 3. Nf3 g6 4. g3 Bg7 5. d4 O-O 6. Bg2 Nbd7 7. O-O Rb8 8. Re1 b5 9. e4 e6 10. Nc3 a6 11. e5 Ne8 12. Ne4 Bb7 13. Qe2 Bxe4 14. Qxe4 d5 15. Qe3 Qe7 16. a4 b4 17. Bf1 a5 18. Bb5 Rb6 19. c4 dxc4 20. bxc4 c6 21. c5 cxb5 22. cxb6 bxa4 23. d5 a3 24. d6 Qd8 25. Bd4 Qa8 26. Nd2 Qd5 27. Ne4 Nxe5 28. Bxe5 Qxe5 29. d7 Nf6 30. Nxf6+ Qxf6 31. Rac1 a2 32. b7 a1=Q 33. Rxa1 Qd8 34. Rad1 a4 35. Qa7 Bf6 36. Qxa4 Qb6 37. Rb1 Bc3 38. Red1 Rd8 39. Qa8 Kg7 40. Qxd8 Qxd8 41. b8=Q Qxb8 42. d8=Q Qb5 43. Qd3 Qc5 44. Rb3 Bf6 45. Qd2 Bc3 46. Rxc3 bxc3 47. Qc2 e5 48. Rc1 1-0


[Site "https://www.chess.com"]

[Event "Titled Tuesday Blitz December 13 Early 2022"]
[White "Deac, Bogdan-Daniel"]
[Black "Navara, David"]
[WhiteFideId "1226380"]
[BlackFideId "309095"]
[WhiteElo "2649"]
[BlackElo "2676"]
[Result "1/2-1/2"]
[Round "08"]
[TimeControl "180+1"]
[Date "2022.12.13"]
[WhiteClock "0:00:08"]
[BlackClock "0:00:05"]

1. e4 c6 2. Nf3 d5 3. Nc3 Bg4 4. h3 Bxf3 5. Qxf3 e6 6. d4 Nf6 7. exd5 cxd5 8. Ne2 Nc6 9. c3 h6 10. Ng3 Bd6 11. Bd3 O-O 12. O-O e5 13. dxe5 Nxe5 14. Qd1 Nxd3 15. Qxd3 Re8 16. Nf5 Ne4 17. Rd1 Bc5 18. Be3 Qb6 19. Bxc5 Qxc5 20. Qd4 Qxd4 21. Rxd4 Re5 22. Ne3 Nf6 23. Rad1 Rae8 24. Kf1 R8e6 25. Nxd5 Nxd5 26. Rxd5 Rxd5 27. Rxd5 Ra6 28. Rd8+ Kh7 29. Rd7 Rb6 30. b3 Kg6 31. c4 Ra6 32. Rxb7 Rxa2 33. c5 a5 34. c6 Rc2 35. c7 Kf6 36. Ke1 Ke6 37. Kd1 Rc5 38. Kd2 g5 39. Rb6+ Ke7 40. Rxh6 Rxc7 41. Rh5 Kf6 42. Rh6+ Kg7 43. Rb6 Rc5 44. Kd3 f6 45. g3 Kg6 46. f3 Kf5 47. Kd4 Re5 48. Ra6 Kg6 49. Rc6 Rf5 50. Rc3 Rb5 51. Kc4 Rb4+ 52. Kc5 Kf5 53. Rd3 Kg6 54. g4 Kh6 55. Rc3 Kg6 56. Re3 Kh6 57. Rd3 Kg6 58. Re3 Kh6 59. Re6 Kg6 60. Rb6 Rf4 61. Kb5 Rxf3 62. Kxa5 Rxh3 63. Rb4 f5 64. Rb6+ Kf7 65. gxf5 Rf3 66. b4 g4 67. b5 g3 68. Rg6 Ra3+ 69. Kb6 Rb3 70. Ka6 Ra3+ 71. Kb7 Rb3 72. b6 Rf3 73. Ka7 Ra3+ 74. Kb8 Rb3 75. b7 Rc3 76. Ka7 Ra3+ 77. Kb8 Rc3 78. Ka7 Ra3+ 79. Kb6 Rb3+ 80. Kc6 Rc3+ 81. Kd7 Rb3 82. Kc8 Rc3+ 83. Kb8 Rb3 84. Rg4 Kf6 85. Rg8 Kxf5 86. Kc7 Rxb7+ 87. Kxb7 Kf4 88. Kc6 Kf3 89. Kd5 g2 90. Kd4 Kf2 91. Rxg2+ Kxg2 1/2-1/2


[Site "https://www.chess.com"]

[Event "Titled Tuesday Blitz December 13 Early 2022"]
[White "Derraugh, Geordie"]
[Black "Begunov, Konstantin"]
[WhiteFideId "2603950"]
[BlackFideId "4118510"]
[WhiteElo "2082"]
[BlackElo "2141"]
[Result "0-1"]
[Round "08"]
[TimeControl "180+1"]
[Date "2022.12.14"]
[WhiteClock "0:00:03"]
[BlackClock "0:00:28"]

1. e4 c5 2. Nf3 d6 3. d4 cxd4 4. Qxd4 Nc6 5. Qe3 Nf6 6. Be2 Bg4 7. O-O e6 8. c4 Rc8 9. Nc3 Bxf3 10. Bxf3 Ne5 11. b3 Nxf3+ 12. Qxf3 Be7 13. Rd1 Qc7 14. Nb5 Qb8 15. Ba3 Rd8 16. Qd3 O-O 17. Nxd6 Nxe4 18. Qxe4 Bxd6 19. Bxd6 Rxd6 20. Rxd6 Qxd6 21. Qxb7 Qd4 22. Rf1 Rd8 23. h3 g6 24. Qc7 Rd7 25. Qc8+ Kg7 26. a4 a5 27. Qc6 Qd2 28. Qb5 Rd3 29. c5 Qc2 30. Qxa5 Rxb3 31. Qc7 Rc3 32. Qe5+ Kh6 33. Qf4+ Kg7 34. Qd4+ Kh6 35. a5 Rxc5 36. a6 Ra5 0-1


[Site "https://www.chess.com"]

[Event "Titled Tuesday Blitz December 13 Early 2022"]
[White "Deuer, Marius"]
[Black "Boros, Denes"]
[WhiteFideId "16236432"]
[BlackFideId "722340"]
[WhiteElo "2226"]
[BlackElo "2464"]
[Result "0-1"]
[Round "08"]
[TimeControl "180+1"]
[Date "2022.12.13"]
[WhiteClock "0:01:34"]
[BlackClock "0:02:31"]

1. d4 d6 2. c4 Nf6 3. Nf3 Bf5 4. Nc3 Nbd7 5. g3 e5 6. Bg2 c6 7. O-O h6 8. Re1 Be7 9. e4 Bg4 10. Be3 O-O 11. h3 Bh5 12. g4 Bg6 13. Nh4 Qa5 14. Nf5 Rfe8 15. Rb1 Bf8 16. b4 Qc7 17. Qd2 Bxf5 18. gxf5 a5 19. a3 axb4 20. axb4 Ra3 21. Qb2 Rea8 22. Ra1 Rxa1 23. Rxa1 Re8 24. d5 cxd5 25. cxd5 Nb6 26. Nb5 Qd7 27. Bf1 Nc8 28. Bg2 Qxb5 0-1


[Site "https://www.chess.com"]

[Event "Titled Tuesday Blitz December 13 Early 2022"]
[White "Domingo Nunez, Ruben"]
[Black "Fiedorek, Michal"]
[WhiteFideId "22245570"]
[BlackFideId "1199528"]
[WhiteElo "2406"]
[BlackElo "2201"]
[Result "0-1"]
[Round "08"]
[TimeControl "180+1"]
[Date "2022.12.14"]
[WhiteClock "0:00:54"]
[BlackClock "0:01:14"]

1. b3 Nf6 2. Bb2 e6 3. Nf3 d5 4. e3 Be7 5. Be2 O-O 6. O-O b6 7. c4 Bb7 8. Nc3 c5 9. cxd5 Nxd5 10. Rc1 Nc6 11. h3 Ndb4 12. d3 Bf6 13. a3 Nd5 14. Qc2 Rc8 15. Rfd1 Nd4 16. Qb1 Nxc3 17. Nxd4 cxd4 18. Bxc3 dxc3 19. d4 Qd6 20. b4 Qc6 21. d5 exd5 22. Qf5 Qe6 23. Qf4 Qe5 24. Qg4 c2 25. Rf1 Rc3 26. a4 d4 27. exd4 Qxd4 28. Qh5 g6 29. Qh6 Qe4 30. Bf3 Rxf3 31. Rfe1 Re3 0-1


[Site "https://www.chess.com"]